 Dungeon Crawl Stone Soup version 0.18-a0-1203-gbde16db (webtiles) character file.

83 Ijustatesigmund the Skirmisher (level 4, 0/37 HPs)
             Began as a Demonspawn Fighter on Feb 1, 2016.
             Slain by an orc warrior
             ... wielding a +0 battleaxe
              (13 damage)
             ... on level 2 of the Dungeon.
             The game lasted 00:04:54 (1795 turns).

Ijustatesigmund the Skirmisher (Demonspawn Fighter) Turns: 1795, Time: 00:04:54

Health: 0/37       AC:  9    Str: 17    XL:     4   Next: 22%
Magic:  0/4        EV:  7    Int:  9    God:
Gold:   114        SH: 13    Dex: 13    Spells: 0 memorised, 3 levels left

rFire  . . .     SeeInvis .     a - +0 flail
rCold  . . .     Gourm    .     b - +0 scale mail
rNeg   . . .     Faith    .     c - +0 shield
rPois  .         Spirit   +     (no helmet)
rElec  .         Dismiss  .     (no cloak)
rCorr  .         Reflect  +     (no gloves)
SustAt .         Harm     .     m - +0 pair of boots
MR     .....                    e - +2 amulet of reflection
Stlth  ..........               (no ring)
                                p - ring of loudness (curse)

@: not resistant to hostile enchantments, extremely unstealthy
A: large bone plates 1, magic shield
a: no special abilities


You were on level 2 of the Dungeon.
You were not hungry.

You visited 1 branch of the dungeon, and saw 3 of its levels.

You collected 114 gold pieces.

Inventory:

Hand Weapons
 a - a +0 flail (weapon)
Armour
 b - a +0 scale mail (worn)
 c - a +0 shield (worn)
 m - a +0 pair of boots (worn)
Jewellery
 e - a +2 amulet of reflection (around neck)
 p - a cursed ring of loudness (left hand)
Scrolls
 d - 3 scrolls of magic mapping
 h - a scroll of teleportation
 i - a scroll of blinking
Potions
 j - a potion of magic
 l - 2 potions of heal wounds {unknown}
 n - a potion of invisibility {unknown}
 q - a potion of curing
Comestibles
 f - 2 bread rations
 k - a meat ration


   Skills:
 + Level 3.7 Fighting
 * Level 3.1 Maces & Flails
 - Level 3.0 Armour
 - Level 0.1 Dodging
 - Level 2.9 Shields


You had 3 spell levels left.
You didn't know any spells.

Dungeon Overview and Level Annotations

Branches:
Dungeon (3/15)

Altars:
Nemelex Xobeh


Innate Abilities, Weirdness & Mutations

You are partially covered in large bone plates (AC +2, SH +2).
When hurt, damage is shared between your health and your magic reserves.


Message History

There is a stone staircase leading down here.
Your shield and scale mail prevent you from hitting the orc warrior.
The orc warrior hits you with a battleaxe.
You barely miss the orc warrior.
The orc warrior hits you with a battleaxe!
* * * LOW HITPOINT WARNING * * *
You are too injured to fight recklessly!
You are too injured to fight recklessly!
Drink which item? (? for menu, Esc to quit)
You feel better. You block the orc warrior's attack.
You barely miss the orc warrior.
The orc warrior hits you with a battleaxe!
You completely miss the orc warrior. The orc warrior closely misses you.
You hit the orc warrior.
The orc warrior is lightly wounded.
The orc warrior barely misses you.
You hit the orc warrior but do no damage.
The orc warrior is lightly wounded.
The orc warrior hits you with a battleaxe!
You die...

##.<......## #..........#
#....).....# #..........#
### #..........# ..##
#..........# ...##
###........## ....#
#........)..# ...)#
#.....@o....# ....#
#...........#
...########...........#
......))..............#
....######.##........#####
....# #..###......###..#
....# ##.## ##########.##
...## #.<# ##........#
..## #.## ##..####..##


You could see an orc warrior.

Vanquished Creatures
  3 gnolls (D:2)
  An adder (D:2)
  An ooze (D:1)
  A worm (D:2)
  An orc (D:3)
  A giant cockroach (D:1)
  6 goblins
  2 hobgoblins (D:2)
  2 jackals (D:1)
  8 bats
  6 giant newts
  4 kobolds
  6 rats
42 creatures vanquished.

Notes
Turn   | Place    | Note
--------------------------------------------------------------
     0 | D:1      | Ijustatesigmund the Demonspawn Fighter began the quest for the Orb.
     0 | D:1      | Reached XP level 1. HP: 18/18 MP: 1/1
   364 | D:1      | Gained mutation: When hurt, damage is shared between your health and your magic reserves. [demonic ancestry]
   364 | D:1      | Reached XP level 2. HP: 21/24 MP: 2/2
   648 | D:1      | Found a sparkling altar of Nemelex Xobeh.
   923 | D:2      | Gained mutation: You are partially covered in large bone plates (AC +2, SH +2). [demonic ancestry]
   923 | D:2      | Reached XP level 3. HP: 10/29 MP: 1/3
  1466 | D:2      | Reached XP level 4. HP: 32/36 MP: 4/4
  1778 | D:3      | Noticed an orc warrior
  1795 | D:2      | Slain by an orc warrior

Vault maps used:
D:1:      matt_arrival_los_fun, nemelex_diamond_rough_becter
D:3:      okawaru_ov_weapons_minmay

Action                   |  1- 3 |  4- 6 || total
-------------------------+-------+-------++-------
Melee: Flail             |   162 |    35 ||   197
  Use: Potion            |     2 |     1 ||     3
       Scroll            |       |     6 ||     6
  Eat: Bread ration      |     1 |       ||     1
